 Dungeon Crawl Stone Soup version 0.30.1-4-g462c640d31 (webtiles) character file.

Game seed: 3206756834636549667

6874 LynnLen the Covert (level 10, -2/51 HPs)
             Began as a Spriggan Enchanter on Sept 8, 2023.
             Was a Believer of Dithmenos.
             Slain by a death yak (23 damage)
             ... on level 7 of the Dungeon.
             The game lasted 00:34:14 (11260 turns).

LynnLen the Covert (Spriggan Enchanter)            Turns: 11260, Time: 00:34:14

Health: -2/51      AC:  5    Str:  4    XL:     10   Next: 78%
Magic:  17/22      EV: 20    Int: 21    God:    Dithmenos [**....]
Gold:   376        SH:  9    Dex: 16    Spells: 6/23 levels left

rFire   . . .        k - +2 dagger (drain)
rCold   . . .        x - +0 buckler
rNeg    . . .        c - +0 steam dragon scales
rPois   .            (helmet restricted)
rElec   .            (no cloak)
rCorr   .            (gloves unavailable)
SInv    +            (boots unavailable)
Will    +....        z - amulet of reflection
Stlth   ++++++       (no ring)
HPRegen 0.28/turn    (no ring)
MPRegen 0.18/turn

%: reflection
@: confusing by touch, wreathed by umbra, very quick
A: very small, no large weapons, unfitting armour, see invisible, speed 3
a: Renounce Religion, Shadow Step


You were on level 7 of the Dungeon.
You worshipped Dithmenos.
Dithmenos was pleased with you.
You visited 2 branches of the dungeon, and saw 9 of its levels.

You collected 376 gold pieces.

Inventory:

Hand Weapons
 k - a +2 dagger of draining (weapon)
Missiles
 B - a throwing net
Armour
 b - a +0 robe
 c - +0 steam dragon scales (worn)
 j - the +1 robe of Unulenk {+Blink +Inv Str+5 Dex-3}
   (You found it on level 3 of the Dungeon)

   Str:       It affects your strength (+5).
   Dex:       It affects your dexterity (-3).
   +Inv:      It lets you turn invisible.
   +Blink:    It lets you blink.
 x - a +0 buckler (worn)
 A - a +0 cloak
Jewellery
 z - an amulet of reflection (around neck)
Wands
 p - a wand of flame (37)
Scrolls
 a - a scroll of fog {unknown}
 d - 2 scrolls of butterflies {unknown}
 e - a scroll of enchant armour {unknown}
 g - 2 scrolls of immolation {unknown}
 h - a scroll of noise {unknown}
 i - 2 scrolls of teleportation {unknown}
 m - a scroll of amnesia {unknown}
 o - a scroll of torment {unknown}
 s - a scroll of silence {unknown}
 v - a scroll of brand weapon {unknown}
 y - 3 scrolls of identify
 C - a scroll of blinking {unknown}
Potions
 f - 3 potions of curing
 l - a potion of might
 n - 3 potions of lignification
 q - a potion of cancellation
 r - 2 potions of flight
 t - 2 potions of heal wounds
 u - a potion of mutation
 w - a potion of ambrosia
 D - 3 potions of magic {unknown}


   Skills:
 + Level 4.6 Fighting
 * Level 6.8 Short Blades
 + Level 8.1 Dodging
 + Level 10.0 Stealth
 + Level 1.5 Shields
 + Level 7.3 Spellcasting
 + Level 9.3 Hexes
 + Level 3.0 Summonings
 - Level 4.0 Ice Magic
 + Level 2.1 Invocations


You had 6 spell levels left.
You knew the following spells:

 Your Spells              Type           Power      Damage    Failure   Level
a - Ensorcelled Hibernat  Hex/Ice        70%        N/A       1%          2
b - Confusing Touch       Hex            47%        N/A       1%          3
c - Tukima's Dance        Hex            47%        N/A       1%          3
d - Summon Mana Viper     Hex/Summ       33%        N/A       34%         5
e - Cause Fear            Hex            23%        N/A       3%          4

Your spell library contained the following spells:

 Spells                   Type           Power      Damage    Failure   Level
 Dazzling Flash           Conj/Hex       54%        N/A       7%          3
 Portal Projectile        Hex/Tloc       54%        N/A       7%          3
 Cigotuvi's Dreadful Rot  Necr/Pois/Air  14%        N/A       24%         2
 Momentum Strike          Conj/Tloc      14%        3d8       24%         2
 Anguish                  Hex/Necr       13%        N/A       24%         4
 Ignite Poison            Fire/Tmut/Pois 7%         N/A       43%         3
 Volatile Blastmotes      Fire/Tloc      14%        2d11      43%         3
 Iskenderun's Mystic Bla  Conj/Tloc      7%         2d4       85%         4
 Freezing Cloud           Conj/Ice/Air   6%         6-21      95%         5
 Starburst                Conj/Fire      3%         6d3       100%        6
 Enfeeble                 Hex            23%        N/A       96%         7
 Summon Hydra             Summ           10%        N/A       100%        7


Dungeon Overview and Level Annotations

Branches:
Dungeon (8/15)             Temple (1/1) D:5            Lair (0/5) D:8

Altars:
Ashenzari
Cheibriados
Dithmenos
Elyvilon
Fedhas
Gozag
Hepliaklqana
Kikubaaqudgha
Makhleb
Nemelex Xobeh
Okawaru
Qazlal
Ru
Sif Muna
Trog
Uskayaw
Vehumet
Wu Jian
Xom
Yredelemnul
Zin
The Shining One

Annotations:
D:8 1 transporter, ranchalot's ghost, novice DjFE


Innate Abilities, Weirdness & Mutations

You are very small and have problems with some larger weapons.
You are too small for most types of armour.
You have supernaturally acute eyesight. (SInv)
You cover ground extremely quickly. (Speed+++)


Message History

The death yak is almost dead.
The death yak gores you!!
You catch the helpless death yak completely off-guard!
You hit the death yak but do no damage.
The death yak is almost dead.
You block the death yak's attack.
You hit the death yak but do no damage.
The death yak is almost dead.
The death yak completely misses you.
You hit the death yak but do no damage.
The death yak is almost dead.
You hit the death yak but do no damage.
The death yak is almost dead.
You hit the death yak but do no damage.
The death yak is almost dead.
You catch the helpless death yak completely off-guard!
You hit the death yak but do no damage.
The death yak is almost dead.
The death yak gores you.
You see here a death yak skeleton.
You barely miss the death yak.
The death yak is severely wounded.
The death yak completely misses you.
The death yak gores itself!
Casting: Confusing Touch (safe; 1% risk of failure)
Press: ? - help, Q - select action, (/) - cycle Dir - look around, f - activate Your hands begin to glow brighter.
You completely miss the death yak.
The death yak is almost dead.
You hit the death yak but do no damage.
The death yak is almost dead.
You block the death yak's attack.
You hit the death yak but do no damage.
The death yak is almost dead.
You hit the death yak but do no damage.
The death yak is almost dead.
You block the death yak's attack.
You hit the death yak but do no damage.
The death yak is almost dead.
The death yak gores you!!
You die...

##.....######)......##
##...........##<....##
#.......#..####.##..##
#.########.# #.####.##
#.## #.# #.# #..## #
#..# #.# #.# ##..#
####.### #.# #.# #..#
.# ##..## #.####.#
##..# .## #...#
#..##@## ##..## ..#
##..# ##...Y# #..##
.## ##.## #...## ##.#
.# #..# ##รท.## ### ##
##.## ##.### ##.##
##>## ##.## ##.##
##.## #.## #.## ##.#


You could see a death yak (confused).

Vanquished Creatures
  A boulder beetle (D:8)
  2 death yaks (D:7)
  An ugly thing (D:7)
  Maggie (D:7)
  Eustachio (D:5)
  Duvessa (D:7)
  A water moccasin (D:7)
  An ice beast (D:7)
  4 sky beasts
  2 ogres (D:5)
  2 centaurs
  A kobold brigand (D:8)
  A phantom (D:3)
  Blork the orc (D:5)
  2 bullfrogs
  2 scorpions
  7 wights
  Dowan (D:7)
  6 killer bees (D:7)
  2 howler monkeys
  3 jellies
  3 hounds
  7 orc priests
  6 orc wizards
  A hell rat (D:8)
  5 iguanas
  3 adders
  4 river rats (D:8)
  4 white imps
  4 ufetubi
  3 worms
  3 dart slugs
  23 orcs
  9 endoplasms
  4 giant cockroaches
  4 goblins
  9 hobgoblins
  15 jackals
  6 quokkas
  6 ball pythons
  6 bats
  2 frilled lizards (D:1)
  11 kobolds
  5 rats
186 creatures vanquished.

Vanquished Creatures (collateral kills)
  A two-headed ogre (D:8)
  An ogre (D:4)
  12 wights
  A river rat (D:8)
15 creatures vanquished.

Vanquished Creatures (others)
  6 dancing weapons
6 creatures vanquished.

Grand Total: 207 creatures vanquished

Notes
Turn   | Place    | Note
-------+----------+-------------------------------------------
     0 | D:1      | LynnLen the Spriggan Enchanter began the quest for the Orb.
     0 | D:1      | Reached XP level 1. HP: 9/9 MP: 5/5
   638 | D:1      | Reached XP level 2. HP: 11/13 MP: 6/6
   661 | D:1      | Learned a level 2 spell: Ensorcelled Hibernation
  1235 | D:1      | Reached XP level 3. HP: 12/17 MP: 8/8
  1360 | D:1      | Learned a level 3 spell: Confusing Touch
  1364 | D:1      | Learned a level 3 spell: Tukima's Dance
  1448 | D:2      | Reached skill level 1 in Ice Magic
  2198 | D:3      | Noticed a phantom
  2311 | D:3      | Identified the +1 robe of Unulenk {+Blink +Inv Str+5 Dex-3}
  2515 | D:3      | Reached XP level 4. HP: 21/21 MP: 9/9
  3021 | D:3      | Killed a phantom
  3022 | D:3      | Reached skill level 5 in Stealth
  3022 | D:3      | Reached XP level 5. HP: 20/25 MP: 7/11
  3099 | D:3      | Reached skill level 1 in Fighting
  3900 | D:4      | Got Sif Muna's Spellbook of Generation and Displacement
  3995 | D:4      | Reached skill level 5 in Hexes
  4200 | D:4      | Reached XP level 6. HP: 17/30 MP: 7/12
  4938 | D:5      | Entered Level 5 of the Dungeon
  4954 | D:5      | Reached XP level 7. HP: 34/34 MP: 13/13
  5199 | D:5      | Found a staircase to the Ecumenical Temple.
  5221 | Temple   | Entered the Ecumenical Temple
  5396 | D:5      | Noticed Eustachio
  5409 | D:5      | Killed Eustachio
  5410 | D:5      | Reached skill level 6 in Stealth
  5521 | D:5      | Noticed Blork the orc
  5522 | D:5      | Found a glowing silver altar of Zin.
  5522 | D:5      | Noticed an angel
  5530 | D:5      | Killed Blork the orc
  5697 | D:5      | Found a stormy altar of Qazlal.
  5699 | D:5      | Found a broken altar of Ashenzari.
  5699 | D:5      | Found a snail-covered altar of Cheibriados.
  5699 | D:5      | Found a blossoming altar of Fedhas.
  5705 | D:5      | Found a shadowy altar of Dithmenos.
  5710 | D:5      | Found an opulent altar of Gozag.
  5736 | D:5      | Became a worshipper of Dithmenos the Shadowed
  6012 | D:5      | Found a sparkling altar of Nemelex Xobeh.
  6303 | D:6      | Reached XP level 8. HP: 39/39 MP: 12/15
  6693 | D:6      | Reached skill level 5 in Dodging
  6757 | D:6      | Found a burning altar of Makhleb.
  6996 | D:7      | Reached * piety under Dithmenos
  7038 | D:7      | Reached skill level 7 in Stealth
  7043 | D:7      | Reached skill level 5 in Spellcasting
  7141 | D:7      | Noticed Dowan
  7192 | D:7      | Noticed Duvessa
  7461 | D:7      | Noticed Maggie
  7468 | D:7      | Killed Maggie
  7549 | D:7      | Reached XP level 9. HP: 44/44 MP: 16/18
  7877 | D:7      | Learned a level 5 spell: Summon Mana Viper
  7915 | D:7      | Learned a level 4 spell: Cause Fear
  8045 | D:7      | Reached skill level 8 in Stealth
  8386 | D:7      | Killed Duvessa
  8392 | D:7      | Killed Dowan
  8637 | D:8      | Noticed a boulder beetle
  8642 | D:8      | Reached skill level 1 in Summonings
  8950 | D:8      | Killed a boulder beetle
  8951 | D:8      | Reached skill level 5 in Short Blades
  8969 | D:8      | Noticed a brown ugly thing
  8973 | D:8      | Noticed a two-headed ogre
  9020 | D:7      | Killed a brown ugly thing
  9021 | D:7      | Reached skill level 9 in Stealth
  9021 | D:7      | Reached XP level 10. HP: 27/49 MP: 10/20
  9376 | D:8      | Reached ** piety under Dithmenos
  9829 | D:8      | Killed a two-headed ogre
  9830 | D:8      | Reached skill level 1 in Invocations
  9942 | D:8      | Noticed a death yak
  9947 | D:8      | Found a staircase to the Lair.
  9973 | D:8      | Noticed a death yak
 10066 | D:8      | Found an ornate altar of the Wu Jian Council.
 10357 | D:8      | Found a transporter.
 10359 | D:8      | Noticed ranchalot's ghost (novice DjFE)
 10403 | D:8      | Identified the +2 giant club of Distant Worlds {venom, rF+
                  | rC+}
 10418 | D:8      | Reached skill level 1 in Shields
 10807 | D:8      | Noticed a death yak
 10920 | D:7      | Killed a death yak
 11152 | D:7      | Killed a death yak
 11153 | D:7      | Reached skill level 10 in Stealth
 11260 | D:7      | Slain by a death yak

Illustrated notes

Levels and vault maps discovered:
D:1:      dpeg_arrival_tiny_b, layout_basic, patterned_corridor
D:2:      layout_rooms, minmay_pentomino_o2
D:3:      layout_loops_ring, amcnicky_mini_corridor_feature, fountainhead
D:4:      layout_basic
D:5:      layout_cave_pools, minmay_overflow_temple_hex, zin_angel,
          nemelex_dance_club_becter, minmay_temple_entry_waves,
          chequers_serial_rivers_micro_e, uniq_eustachio, uniq_blork_the_orc
D:6:      layout_basic, lemuel_doored_altar
D:7:      layout_layer_cave, uniq_duvessa, uniq_maggie
D:8:      hangedman_cross_stitches, layout_loops_ring,
          lemuel_coloured_pillars_altar, dpeg_lair_monsters,
          gammafunk_ghost_smash
Temple:   nicolae_temple_ecumenical_triangle

Skill      XL: |  1  2  3  4  5  6  7  8  9 10 |
---------------+-------------------------------+-----
Hexes          | 4 5 6 7 8 9 |  9.3
Spellcasting   | 3 4 5 6 7 |  7.3
Ice Magic      | 1 2 3 4 |  4.0
Dodging        | 3 4 5 7 8 |  8.1
Stealth        | 5 6 7 9 10 | 10.0
Fighting       | 1 2 3 4 |  4.6
Short Blades   | 2 3 4 5 6 |  6.8
Summonings     | 2 3 |  3.0
Invocations    | 2 |  2.1
Shields        | 1 |  1.5

Action                     |  1- 3 |  4- 6 |  7- 9 | 10-12 || total
---------------------------+-------+-------+-------+-------++-------
  Melee: Dagger            |   168 |   139 |   225 |   223 ||   755
         Punch             |     1 |     2 |     1 |       ||     4
   Cast: Ensorcelled Hiber |    19 |    22 |    54 |     1 ||    96
         Confusing Touch   |       |     4 |     8 |    14 ||    26
         Tukima's Dance    |       |     4 |     2 |    25 ||    31
    Use: Scroll            |     1 |     2 |     5 |       ||     8
         Potion            |       |       |     2 |       ||     2
   Stab: Sleeping          |    22 |    13 |    44 |     3 ||    82
         Confused          |       |     2 |     6 |    20 ||    28
         Distracted        |       |     2 |       |     1 ||     3
         Invisible         |       |       |     1 |       ||     1
 Armour: Robe              |    13 |    14 |    18 |       ||    45
         Steam dragon scal |       |       |    13 |    10 ||    23
  Dodge: Dodged            |   123 |    93 |   205 |   145 ||   566
  Block: Buckler           |       |       |       |    28 ||    28
